 Dungeon Crawl Stone Soup version 0.27.1-34-g3ba077fa99 (webtiles) character file.

Game seed: 10787293020456444388

24 Karpo the Sneak (level 2, -3/13 HPs)
             Began as a Spriggan Enchanter on Jan 25, 2022.
             Slain by Natasha (4 damage)
             ... on level 2 of the Dungeon.
             The game lasted 00:02:43 (1338 turns).

Karpo the Sneak (Spriggan Enchanter)                Turns: 1338, Time: 00:02:44

Health: -3/13      AC:  2    Str:  4    XL:     2   Next: 79%
Magic:  2/6        EV: 17    Int: 16    God:
Gold:   41         SH:  0    Dex: 15    Spells: 3/6 levels left

rFire    . . .     SeeInvis +   a - +1 dagger
rCold    . . .     Faith    .   (shield restricted)
rNeg     . . .     Spirit   .   b - +0 robe
rPois    .         Reflect  .   (helmet restricted)
rElec    .         Harm     .   (no cloak)
rCorr    .         Rampage  .   (gloves unavailable)
Will     .....                  (boots unavailable)
Stlth    +++.......             (no amulet)
HPRegen  0.04/turn              (no ring)
MPRegen  0.10/turn              (no ring)

@: very quick
A: very small, no large weapons, unfitting armour, see invisible, speed 3
a: no special abilities


You were on level 2 of the Dungeon.
You visited 1 branch of the dungeon, and saw 3 of its levels.

You collected 41 gold pieces.

Inventory:

Hand Weapons
 a - a +1 dagger (weapon)
Armour
 b - a +0 robe (worn)
Scrolls
 c - 3 scrolls of identify {unknown}
 d - a scroll of magic mapping {unknown}
 f - a scroll of teleportation {unknown}
Potions
 e - a potion of might {unknown}


   Skills:
 + Level 2.3 Short Blades
 - Level 2.6 Dodging
 + Level 5.4 Stealth
 - Level 2.6 Spellcasting
 - Level 3.6 Hexes


You had 3 spell levels left.
You knew the following spells:

 Your Spells              Type           Power      Damage    Failure   Level
a - Corona                Hex            14%        N/A       4%          1
b - Ensorcelled Hibernat  Hex/Ice        14%        N/A       14%         2

Your spell library contained the following spells:

 Spells                   Type           Power      Damage    Failure   Level
 Confusing Touch          Hex            13%        N/A       13%         3
 Tukima's Dance           Hex            13%        N/A       13%         3
 Dazzling Flash           Conj/Hex       14%        N/A       28%         3


Dungeon Overview and Level Annotations

Branches:
Dungeon (3/15)

Altars:

Shops:
D:2 (

Annotations:
D:2 Natasha


Innate Abilities, Weirdness & Mutations

You are very small and have problems with some larger weapons.
You are too small for most types of armour.
You have supernaturally acute eyesight. (SInv)
You cover ground extremely quickly. (Speed+++)


Message History

Natasha is lightly wounded.
Natasha casts a spell.
You barely miss Natasha.
Natasha is lightly wounded.
The white imp misses you. Natasha claws you.
You hit Natasha.
Natasha is lightly wounded.
The crimson imp blinks!
The white imp misses you. Natasha claws you.
You hit Natasha but do no damage.
Natasha is lightly wounded.
The crimson imp blinks!
The white imp completely misses you. Natasha claws you.
You completely miss Natasha.
Natasha is lightly wounded.
The white imp hits you but does no damage.
Natasha claws you.
You hit Natasha.
Natasha is moderately wounded.
The white imp misses you.
You completely miss Natasha.
Natasha is moderately wounded.
Natasha casts a spell at you. You resist with some effort.
The white imp gestures at you. The puff of frost hits you.
* * * LOW HITPOINT WARNING * * *
Casting: Ensorcelled Hibernation (safe; 14% risk of failure)
Confirm with . or Enter, or press ? or * to list all spells.
Aiming: Ensorcelled Hibernation (safe; 14% risk of failure)
Press: ? - help, Shift-Dir - straight line, f - Natasha
Aim: Natasha (moderately wounded, chance to affect: 38%) Natasha resists with some effort.
Natasha casts a spell at you. You resist with some effort.
The white imp misses you.
Casting: Ensorcelled Hibernation (safe; 14% risk of failure)
Confirm with . or Enter, or press ? or * to list all spells.
Aiming: Ensorcelled Hibernation (safe; 14% risk of failure)
Press: ? - help, Shift-Dir - straight line, f/p - Natasha
Aim: Natasha (moderately wounded, chance to affect: 38%) Natasha resists with some effort.
Natasha claws you.
You die...

.# .# .# .# #.# .###### #.#
....∩.# ..# ####..# #.# # ##.#
############## #.# #
#.###......5@h...# #.# #
#...#.##########.# #.##.# #
###.#.# #.# #...<# # #.#.# #.#
#.#### #######.#.# #.#
..<.....#.# ######.#######
#######.#.## ##.............
#######....###.......##
.........#.....†###...######.#


You could see Natasha and a white imp (summoned).

Vanquished Creatures
  A dart slug (D:1)
  3 ball pythons
  An endoplasm (D:1)
  A giant cockroach (D:1)
  3 goblins
  3 hobgoblins
  3 kobolds (D:1)
  3 frilled lizards
  3 rats (D:1)
21 creatures vanquished.

Notes
Turn   | Place    | Note
-------+----------+-------------------------------------------
     0 | D:1      | Karpo the Spriggan Enchanter began the quest for the Orb.
     0 | D:1      | Reached XP level 1. HP: 9/9 MP: 5/5
   170 | D:1      | Found a faded altar of an unknown god.
   460 | D:1      | Reached skill level 5 in Stealth
   460 | D:1      | Reached XP level 2. HP: 13/13 MP: 6/6
   463 | D:1      | Learned a level 2 spell: Ensorcelled Hibernation
  1204 | D:2      | Found Gesmalad's Antique Weapon Shop.
  1275 | D:2      | Noticed Natasha
  1331 | D:2      | Noticed a crimson imp
  1338 | D:2      | Slain by Natasha

Illustrated notes

Levels and vault maps discovered:
D:1:      nagdon_arrival_double_spiral, layout_loops_ring,
          shapermc_ecumenical_altar_mp_ritualfount
D:2:      cheibrodos_greedy_goblins, layout_loops_ring, serial_shops, shop,
          minmay_misc_feat_more_columns, minmay_misc_feat_nine_boxes,
          uniq_natasha
D:3:      layout_rooms, old_standard_altar, uniq_grinder

Skill      XL: |  1  2 |
---------------+-------+-----
Stealth        | 5 |  5.4
Short Blades   | 2 |  2.3
Dodging        | |  2.6
Spellcasting   | |  2.6
Hexes          | |  3.6

Action                   || total
-------------------------++-------
Melee: Dagger            ||    87
 Cast: Ensorcelled Hiber ||     4
 Stab: Sleeping          ||    10
Armor: Robe              ||     6
Dodge: Dodged            ||    71
